 Dungeon Crawl Stone Soup version 0.16.1-4-g8e1b745 (webtiles) character file.

122 RobertPalmer the Chopper (level 5, -2/41 HPs)
             Began as a Formicid Fighter on Mar 27, 2015.
             Slain by Thomus' ghost (5 damage)
             ... on level 3 of the Dungeon.
             The game lasted 00:02:21 (2450 turns).

RobertPalmer the Chopper (Formicid Fighter)         Turns: 2450, Time: 00:02:21

Health: -2/41      AC: 11    Str: 26    XL:     5   Next: 27%
Magic:  7/7        EV:  5    Int:  7    God:
Gold:   92         SH: 10    Dex: 11    Spells: 0 memorised, 4 levels left

rFire  . . .     SeeInvis +     a - +0 war axe
rCold  . . .     Clarity  .     h - +0 plate armour
rNeg   . . .     SustAb   .     c - +0 shield
rPois  .         Gourm    .     (helmet unavailable)
rElec  .         Spirit   .     (no cloak)
rCorr  .         Warding  .     (no gloves)
rMut   .         Stasis   +     (no boots)
MR     .....                    (no amulet)
Stlth  ..........               (no ring)
                                (no ring)

@: mighty, not resistant to hostile enchantments, extremely unstealthy
A: permanent stasis, dig shafts and tunnels, four strong arms, antennae 3
a: Dig, Shaft Self


You were on level 3 of the Dungeon.
You were very hungry.

You visited 1 branch of the dungeon, and saw 3 of its levels.

You collected 92 gold pieces.

Inventory:

Hand weapons
 a - a +0 war axe (weapon)
Armour
 c - a +0 shield (worn)
 h - a +0 plate armour (worn)
   (You found it on level 1 of the Dungeon)
 s - a +0 pair of boots
   (You found it on level 2 of the Dungeon)
 y - a +0 cloak
   (You found it on level 3 of the Dungeon)
Jewellery
 u - a +3 ring of strength {unknown}
   (You found it on level 3 of the Dungeon)
Scrolls
 i - a scroll of enchant armour {unknown}
 l - a scroll of fog {unknown}
 o - a scroll of identify
 q - 2 scrolls of random uselessness {unknown}
 v - a scroll of remove curse {unknown}
 x - a scroll of immolation {unknown}
Potions
 b - a potion of heal wounds {unknown}
 f - a potion of ambrosia {unknown}
 j - a potion of restore abilities {unknown}
 m - a potion of agility {unknown}
 n - a potion of brilliance {unknown}
 p - a potion of degeneration {unknown}
 w - 2 potions of lignification {unknown}
Books
 k - a book of Necromancy
   (You found it on level 2 of the Dungeon)
Comestibles
 d - 4 bread rations {@e1}
 g - 5 meat rations {@e2}
 r - a beef jerky
 t - 3 fruits


   Skills:
 - Level 3.2 Fighting
 + Level 5.1 Axes
 - Level 3.2 Armour
 - Level 3.6 Shields


You had 4 spell levels left.
You didn't know any spells.

Dungeon Overview and Level Annotations

Branches:
Dungeon (3/15)

Altars:
Kikubaaqudgha
Lugonu

Portals:
Abyss: D:1

Annotations:
D:3 Thomus' ghost, average HOFi


Innate Abilities, Weirdness & Mutations

You are under a permanent stasis effect.
You can dig through walls and to a lower floor.
Your four strong arms can wield two-handed weapons with a shield.
You have a pair of large antennae on your head (SInv).


Message History

No target in view!
No target in view!
You see here an adder corpse.
You butcher the adder corpse.
z - a chunk of flesh {@w0} Eating a chunk of flesh {@w0}.
You are feeling hungry.
You continue eating. x2
Found a stone staircase leading down.
Health restored: 41
q - 2 scrolls labeled XALIRECVEMI (gained 1)
d - 4 bread rations {@e1} (gained 1)
A rat comes into view.
A rat is nearby!
A rat is nearby!
A rat is nearby!
You closely miss the rat. You block the rat's attack.
You hit the rat.
You kill the rat!
No target in view!
No target in view!
No target in view!
Found an ancient bone altar of Kikubaaqudgha.
y - a cloak No target in view!
A worm comes into view.
A worm is nearby!
A worm is nearby!
You hit the worm. The worm bites you but does no damage.
A worm is nearby!
You hit the worm.
A worm is nearby!
You completely miss the worm. You block the worm's attack.
A worm is nearby!
You hit the worm! The worm bites you but does no damage.
A worm is nearby!
You hit the worm. You block the worm's attack.
A worm is nearby!
You hit the worm.
You kill the worm!
You are feeling very hungry.
Found a stone staircase leading down.
No target in view!
Thomus' ghost (average Hill Orc Fighter) comes into view.
Thomus' ghost turns its malevolent gaze towards you.
There is a stone staircase leading down here.
Thomus' ghost is nearby!
Thomus' ghost is nearby!
Thomus' ghost hits you but does no damage.
Thomus' ghost is nearby!
Your plate armour prevents you from hitting Thomus' ghost.
Thomus' ghost hits you.
You take 5 damage, and have 36/41 hp.
Thomus' ghost is nearby!
You hit Thomus' ghost! Thomus' ghost hits you.
You take 5 damage, and have 31/41 hp.
Thomus' ghost is nearby!
You hit Thomus' ghost! Thomus' ghost barely misses you. Thomus' ghost hits you!
You take 11 damage, and have 20/41 hp.
MASSIVE DAMAGE!!
There is a stone staircase leading down here.
Drink which item? (? for menu, Esc to quit)
You feel very mighty all of a sudden. Thomus' ghost completely misses you.
You block Thomus' ghost's attack.
You barely miss Thomus' ghost. You block Thomus' ghost's attack.
You completely miss Thomus' ghost. You block Thomus' ghost's attack.
You hit Thomus' ghost!
Thomus' ghost hits you but does no damage.
Your shield and plate armour prevent you from hitting Thomus' ghost.
Thomus' ghost hits you but does no damage.
Thomus' ghost barely misses you.
You closely miss Thomus' ghost. Thomus' ghost hits you.
You take 3 damage, and have 19/41 hp.
You hit Thomus' ghost. You block Thomus' ghost's attack.
You hit Thomus' ghost! Thomus' ghost completely misses you.
Thomus' ghost hits you.
You take 6 damage, and have 13/41 hp.
You hit Thomus' ghost but do no damage. Thomus' ghost hits you!
* * * LOW HITPOINT WARNING * * *
You take 8 damage, and have 5/41 hp.
You hit Thomus' ghost. You block Thomus' ghost's attack.
Unknown command.
You hit Thomus' ghost but do no damage.
Thomus' ghost wails.
You block Thomus' ghost's attack. x2
Here: Thomus' ghost (almost destroyed)
The floor.
Thomus' ghost whispers, "The ORB doesn't exist."
Your shield and plate armour prevent you from hitting Thomus' ghost.
You block Thomus' ghost's attack.
You closely miss Thomus' ghost. Thomus' ghost hits you.
* * * LOW HITPOINT WARNING * * *
You block Thomus' ghost's attack.
You take 6 damage, and have 2/41 hp.
Unknown command.
Your plate armour prevents you from hitting Thomus' ghost.
Thomus' ghost hits you but does no damage.
You hit Thomus' ghost but do no damage. Thomus' ghost hits you.
You die...

#........# #.
#........# #.
#........# #####.
#........# #.....
#........# #.....
.##........########
#.....
.........#........#
#.....
.........#.#........
#.....
.........#@#.......
#.....
.).......#W#.......
#.....
.........#.#.......
#.....
.........#.######.
.......
.........#.######.#
......
..........>........
......
............#....#
......
..................
.....
..###............. .
...


You could see Thomus' ghost.

Vanquished Creatures
  4 adders
  A giant mite (D:1)
  4 worms
  2 giant geckos (D:1)
  11 goblins
  7 hobgoblins
  6 jackals
  2 ball pythons
  4 bats
  A giant cockroach (D:3)
  2 giant newts (D:1)
  7 kobolds
  5 rats
56 creatures vanquished.

Notes
Turn   | Place    | Note
--------------------------------------------------------------
     0 | D:1      | RobertPalmer, the Formicid Fighter, began the quest for the Orb.
     0 | D:1      | Reached XP level 1. HP: 18/18 MP: 1/1
    97 | D:1      | Reached XP level 2. HP: 18/24 MP: 3/3
   153 | D:1      | Found a corrupted altar of Lugonu.
   153 | D:1      | Found a one-way gate to the infinite horrors of the Abyss.
   153 | D:1      | Noticed an iron imp
   153 | D:1      | Noticed a quasit
   153 | D:1      | Noticed a quasit
   154 | D:1      | Noticed a quasit
   155 | D:1      | Noticed an iron imp
   156 | D:1      | Noticed an iron imp
   157 | D:1      | Reached skill level 3 in Axes
   427 | D:1      | Reached XP level 3. HP: 22/29 MP: 4/4
  1266 | D:2      | Reached skill level 4 in Axes
  1266 | D:2      | Reached XP level 4. HP: 35/35 MP: 5/5
  1885 | D:2      | Reached XP level 5. HP: 36/41 MP: 7/7
  2234 | D:3      | Reached skill level 5 in Axes
  2342 | D:3      | Found an ancient bone altar of Kikubaaqudgha.
  2404 | D:3      | Noticed Thomus' ghost (average HOFi)
  2426 | D:3      | HP: 5/41 [Thomus' ghost (8)]
  2448 | D:3      | HP: 2/41 [Thomus' ghost (6)]
  2450 | D:3      | Slain by Thomus' ghost

Action                   |  1- 3 |  4- 6 || total
-------------------------+-------+-------++-------
Melee: War axe           |    88 |   109 ||   197
  Use: Scroll            |       |     1 ||     1
       Potion            |       |     1 ||     1
  Eat: Chunk             |     1 |     3 ||     4

Vault maps used:
D:1:      erik_arrival_cave_to_civilisation, serial_bayou_pond_a
D:3:      lemuel_crystal_altar

Table legend:
 A = Turns spent in this place as a percentage of turns spent in the entire game.
 B = Non-inter-level travel turns spent in this place as a percentage of non-inter-level travel turns spent in the entire game.
 C = Inter-level travel turns spent in this place as a percentage of turns spent in this place.
 D = Turns resting spent in this place as a percentage of non-inter-level travel turns spent in this place.
 E = Turns spent auto-exploring this place as a percentage of non-inter-level travel turns spent in this place.
 F = Non-inter-level travel turns spent in this place divided by the number of levels of this place that you've seen.
                   A       B       C       D       E      F
               +-------+-------+-------+-------+-------+----------------------
         Total | 100.0 | 100.0 |   0.5 |   1.7 |  13.4 | 261.0
       Dungeon | 100.0 | 100.0 |   0.5 |   1.7 |  13.4 | 261.0
               +-------+-------+-------+-------+-------+----------------------

Table legend:
 A = Kills in this place as a percentage of kills in entire the game.
 B = Kills by you in this place as a percentage of kills by you in the entire game.
 C = Kills by friends in this place as a percentage of kills by friends in the entire game.
 D = Other kills in this place as a percentage of other kills in the entire game.
 E = Experience gained in this place as a percentage of experience gained in the entire game.
 F = Experience gained in this place divided by the number of levels of this place that you have seen.
                   A       B       C       D       E      F
               +-------+-------+-------+-------+-------+----------------------
         Total | 100.0 | 100.0 |  -nan |  -nan | 100.0 |  58.3
       Dungeon | 100.0 | 100.0 |  -nan |  -nan | 100.0 |  58.3
               +-------+-------+-------+-------+-------+----------------------
